 Dungeon Crawl Stone Soup version 0.27.1-34-g3ba077fa99 (webtiles) character file.

Game seed: 15233026328806302596

2 cbfl8 the Sneak (level 1, -1/20 HPs)
             Began as a Minotaur Delver on Jan 20, 2022.
             Slain by a gnoll (4 damage)
             ... on level 1 of the Dungeon.
             The game lasted 00:01:40 (143 turns).

cbfl8 the Sneak (Minotaur Delver)                    Turns: 143, Time: 00:01:41

Health: -1/20      AC:  3    Str: 16    XL:     1   Next: 33%
Magic:  0/0        EV: 11    Int:  7    God:
Gold:   14         SH:  0    Dex: 11    Spells: 0/0 levels left

rFire    . . .     SeeInvis .   a - +0 hand axe
rCold    . . .     Faith    .   (no shield)
rNeg     . . .     Spirit   .   b - +0 leather armour
rPois    .         Reflect  .   (helmet restricted)
rElec    .         Harm     .   (no cloak)
rCorr    .         Rampage  .   (no gloves)
Will     .....                  (no boots)
Stlth    ++........             (no amulet)
HPRegen  0.06/turn              (no ring)
MPRegen  0.07/turn              (no ring)

@: no status effects
A: horns 2, retaliatory headbutt
a: no special abilities


You were on level 1 of the Dungeon.
You visited 1 branch of the dungeon, and saw 5 of its levels.

You collected 14 gold pieces.

Inventory:

Hand Weapons
 a - a +0 hand axe (weapon)
Armour
 b - a +0 leather armour (worn)
Wands
 g - a wand of digging (3)
Scrolls
 c - a scroll of fog
 d - a scroll of magic mapping
 e - a scroll of fear
 h - a scroll of enchant armour {unknown}
 i - a scroll of identify {unknown}
Potions
 f - a potion of haste
 j - a potion of magic {unknown}


   Skills:
 + Level 3.7 Fighting
 + Level 2.4 Axes
 + Level 2.1 Dodging
 + Level 4.1 Stealth


You couldn't memorise any spells.
You didn't know any spells.
Your spell library was empty.

Dungeon Overview and Level Annotations

Branches:
Dungeon (5/15)
 Temple: D:4-7

Altars:


Innate Abilities, Weirdness & Mutations

You have a pair of horns on your head.
You reflexively headbutt those who attack you in melee.


Message History

You see here 15 stones.
There is an escape hatch in the ceiling here.
A mysterious force pulls you upwards. The hatch slams shut behind you.
An endoplasm comes into view.
Found a stone staircase leading up.
Found a bubbling white potion.
Found 11 gold pieces.
The helpless endoplasm fails to defend itself.
You slash the endoplasm!
You kill the endoplasm!
j - a bubbling white potion
There is a stone staircase leading up here.
You climb upwards.
There is a stone staircase leading down here.
A gnoll comes into view. It is wielding a +0 whip.
The kobold shouts!
You hit the kobold.
The kobold is moderately wounded.
The kobold hits you with a +0 short sword.
The kobold barely misses you.
You slash the kobold!
You kill the kobold!
You closely miss the gnoll. The gnoll hits you with a +0 whip!
Things that are here:
a +0 short sword; a kobold corpse You barely miss the gnoll.
The gnoll closely misses you.
Unknown command.
You closely miss the gnoll. The gnoll closely misses you.
Unknown command.
You barely miss the gnoll. The gnoll hits you with a +0 whip.
Unknown command.
You closely miss the gnoll. Your headbutt misses the gnoll.
The gnoll hits you with a +0 whip.
* * * LOW HITPOINT WARNING * * *
The gnoll barely misses you.
Unknown command.
You hit the gnoll.
The gnoll is lightly wounded.
The gnoll hits you with a +0 whip.
You die...

# ########
..
#......##..
#.........
#......#
#......#
#.>....#
#@g....#
#####......#
......#
......#
.......
.......
......#
......#


You could see a gnoll.

Vanquished Creatures
  An endoplasm (D:2)
  A kobold (D:1)
2 creatures vanquished.

Notes
Turn   | Place    | Note
-------+----------+-------------------------------------------
     0 | D:5      | cbfl8 the Minotaur Delver began the quest for the Orb.
     0 | D:5      | Reached XP level 1. HP: 19/19 MP: 0/0
    61 | D:5      | Noticed a howler monkey
   143 | D:1      | Slain by a gnoll

Illustrated notes

Levels and vault maps discovered:
D:1:      saegor_arrival_simple_a, layout_rooms,
          chequers_ecumenical_altar_twisty, grunt_decor_cap
D:2:      layout_basic, uniq_sigmund
D:3:      gammafunk_steamed_eel, layout_basic, serial_shops, nicolae_shop_stone,
          kennysheep_generic_room_12
D:4:      layout_loops_ring, nicolae_overflow_hidden_temple, minmay_statues_item
D:5:      layout_rooms

Action                   || total
-------------------------++-------
Melee: Hand axe          ||     8
 Stab: Sleeping          ||     1
Dodge: Dodged            ||     4
